SA
MANCELONA TORCH @ SYRACUSE STORM
08/23/2037
 
TOP OF THE 1ST
Mancelona Torch batting - Pitching for Syracuse Storm : RHP Ramón Flores
Pitching: RHP Ramón Flores
Batting: RHB Matsudaira Sugahara 0-0: Ball
1-0: Ball
2-0: Foul Ball, location: 2F
2-1: Ball
3-1: Fly out, F8 (Flyball, 8LXD, EV 98.1 MPH)
Batting: RHB Luigino Colombo 0-0: Called Strike
0-1: Swinging Strike
0-2: Ball
1-2: Foul Ball, location: 2F
1-2: Strikes out swinging
Batting: LHB Jacques Viceronte 0-0: SINGLE (Groundball, 4MD, EV 100.6 MPH)
Batting: RHB Ryung Jae-Wook 0-0: Ball
1-0: Ball
2-0: Ball
3-0: Called Strike
3-1: Foul Ball, location: 2F
3-2: Ground out 1-3 (Groundball, P, EV 89.4 MPH)
Top of the 1st over - 0 runs, 1 hit, 0 errors, 1 left on base; Mancelona 0 - Syracuse 0
BOTTOM OF THE 1ST
Syracuse Storm batting - Pitching for Mancelona Torch : RHP Marty McFly
Pitching: RHP Marty McFly
Batting: RHB Pat Kramer 0-0: Bunt for hit to 3S - play at first, batter OUT! 3-4
Batting: RHB John Billings 0-0: Called Strike
0-1: Foul Ball, location: 2F
0-2: Foul Ball, location: 2F
0-2: Ground out 6-3 (Groundball, 6, EV 83.8 MPH)
Batting: LHB Nikolai Volkoff 0-0: Ball
1-0: Ball
2-0: Called Strike
2-1: Ground out 6-3 (Groundball, 6, EV 79.4 MPH)
Bottom of the 1st over - 0 runs, 0 hits, 0 errors, 0 left on base; Mancelona 0 - Syracuse 0
TOP OF THE 2ND
Mancelona Torch batting - Pitching for Syracuse Storm : RHP Ramón Flores
Batting: RHB Walke Mehoff 0-0: Called Strike
0-1: Ball
1-1: Ball
2-1: Foul Ball, location: 2F
2-2: Ball
3-2: Foul Ball, location: 2F
3-2: Strikes out swinging
Batting: RHB Thom Scribbner 0-0: Ball
1-0: Ball
2-0: Ball
3-0: Base on Balls
Batting: RHB Teok-kyu Pak 0-0: Foul Ball, location: 2F
0-1: Ball
1-1: Ball
2-1: Fly out, F9 (Line Drive, 9, EV 105.0 MPH)
Batting: RHB Aguostinho Antunes 0-0: Ball
1-0: Ball
2-0: Foul Ball, location: 2F
2-1: Called Strike
2-2: Foul Ball, location: 2F
2-2: Fly out, F3 (Popup, 3F, EV 63.1 MPH)
Top of the 2nd over - 0 runs, 0 hits, 0 errors, 1 left on base; Mancelona 0 - Syracuse 0
BOTTOM OF THE 2ND
Syracuse Storm batting - Pitching for Mancelona Torch : RHP Marty McFly
Batting: LHB Rick Newell 0-0: Ball
1-0: Ball
2-0: Called Strike
2-1: Ball
3-1: Foul Ball, location: 2F
3-2: Strikes out swinging
Batting: RHB Rubén Plumey 0-0: Called Strike
0-1: Called Strike
0-2: Ball
1-2: Ball
2-2: Strikes out looking
Batting: LHB Kent Maxwell 0-0: Foul Ball, location: 2F
0-1: Swinging Strike
0-2: Foul Ball, location: 2F
0-2: Ball
1-2: Ball
2-2: Fly out, F7 (Flyball, 7D, EV 105.6 MPH)
Bottom of the 2nd over - 0 runs, 0 hits, 0 errors, 0 left on base; Mancelona 0 - Syracuse 0
TOP OF THE 3RD
Mancelona Torch batting - Pitching for Syracuse Storm : RHP Ramón Flores
Batting: RHB Enrique Flores 0-0: Ball
1-0: Fly out, F4 (Line Drive, 4, EV 71.9 MPH)
Batting: RHB Matsudaira Sugahara 0-0: Ball
1-0: Ball
2-0: Fly out, F9 (Flyball, 9S, EV 86.2 MPH)
Batting: RHB Luigino Colombo 0-0: SINGLE (Flyball, 89S, EV 88.1 MPH)
Batting: LHB Jacques Viceronte 0-0: Ball
1-0: Fly out, F9 (Line Drive, 9D, EV 108.1 MPH)
Top of the 3rd over - 0 runs, 1 hit, 0 errors, 1 left on base; Mancelona 0 - Syracuse 0
BOTTOM OF THE 3RD
Syracuse Storm batting - Pitching for Mancelona Torch : RHP Marty McFly
Batting: RHB Egbert Mijnheer 0-0: Foul Ball, location: 2F
0-1: Called Strike
0-2: Fly out, F7 (Flyball, 7LS, EV 90.6 MPH)
Batting: RHB Bob Hill 0-0: Foul Ball, location: 2F
0-1: SINGLE (Line Drive, 6MD, EV 94.4 MPH)
Batting: RHB Martín Muńóz 0-0: Ball
1-0: Swinging Strike
1-1: Foul Ball, location: 2F
1-2: Ball
2-2: Foul Ball, location: 2F
2-2: Grounds into double play, 4-6-3 (Groundball, 4, EV 90.0 MPH)
Bottom of the 3rd over - 0 runs, 1 hit, 0 errors, 0 left on base; Mancelona 0 - Syracuse 0
TOP OF THE 4TH
Mancelona Torch batting - Pitching for Syracuse Storm : RHP Ramón Flores
Batting: RHB Ryung Jae-Wook 0-0: Foul Ball, location: 2F
0-1: Ball
1-1: Foul Ball, location: 2F
1-2: Strikes out swinging
Batting: RHB Walke Mehoff 0-0: Called Strike
0-1: Ball
1-1: Ball
2-1: Ball
3-1: Ground out 5-3 (Groundball, 56, EV 80.6 MPH)
Batting: RHB Thom Scribbner 0-0: Ball
1-0: Fly out, F9 (Flyball, 9S, EV 80.0 MPH)
Top of the 4th over - 0 runs, 0 hits, 0 errors, 0 left on base; Mancelona 0 - Syracuse 0
BOTTOM OF THE 4TH
Syracuse Storm batting - Pitching for Mancelona Torch : RHP Marty McFly
Batting: RHB Pat Kramer 0-0: Foul Ball, location: 2F
0-1: Called Strike
0-2: Ball
1-2: Ball
2-2: SINGLE (Line Drive, 56D, EV 103.8 MPH)
Batting: RHB John Billings 0-0: Ball
1-0: Foul Ball, location: 2F
1-1: Ball
2-1: Swinging Strike
2-2: Foul Ball, location: 2F
2-2: Foul Ball, location: 2F
2-2: Ball
3-2: Foul Ball, location: 2F
3-2: Foul Ball, location: 2F
3-2: Strikes out looking
Batting: LHB Nikolai Volkoff 0-0: Foul Ball, location: 2F
0-1: Fly out, F4 (Popup, 4D, EV 51.9 MPH)
Batting: LHB Rick Newell 0-0: Ball
Pat Kramer is caught stealing 2nd base 2-6
Bottom of the 4th over - 0 runs, 1 hit, 0 errors, 0 left on base; Mancelona 0 - Syracuse 0
TOP OF THE 5TH
Mancelona Torch batting - Pitching for Syracuse Storm : RHP Ramón Flores
Batting: RHB Teok-kyu Pak 0-0: Ball
1-0: Foul Ball, location: 2F
1-1: Ball
2-1: Fly out, F4 (Line Drive, 4, EV 68.1 MPH)
Batting: RHB Aguostinho Antunes 0-0: Ground out 5-3 (Groundball, 56S, EV 81.9 MPH)
Batting: RHB Enrique Flores 0-0: TRIPLE (Flyball, 89XD, EV 100.6 MPH)
Batting: RHB Matsudaira Sugahara 0-0: Ball
1-0: Ground out 6-3 (Groundball, 6D, EV 101.2 MPH)
Top of the 5th over - 0 runs, 1 hit, 0 errors, 1 left on base; Mancelona 0 - Syracuse 0
BOTTOM OF THE 5TH
Syracuse Storm batting - Pitching for Mancelona Torch : RHP Marty McFly
Batting: LHB Rick Newell 0-0: Ground out 4-3 (Groundball, 4, EV 83.1 MPH)
Batting: RHB Rubén Plumey 0-0: Called Strike
0-1: Swinging Strike
0-2: Ball
1-2: Fly out, F7 (Line Drive, 78S, EV 93.1 MPH)
Batting: LHB Kent Maxwell 0-0: Ball
1-0: Ball
2-0: Called Strike
2-1: Swinging Strike
2-2: Ball
3-2: Fly out, F9 (Line Drive, 9, EV 92.5 MPH)
Bottom of the 5th over - 0 runs, 0 hits, 0 errors, 0 left on base; Mancelona 0 - Syracuse 0
TOP OF THE 6TH
Mancelona Torch batting - Pitching for Syracuse Storm : RHP Ramón Flores
Batting: RHB Luigino Colombo 0-0: Called Strike
0-1: Ball
1-1: DOUBLE (Flyball, 78D, EV 93.8 MPH)
Batting: LHB Jacques Viceronte 0-0: Swinging Strike
0-1: Foul Ball, location: 2F
0-2: Fly out, F9 (Line Drive, 9D, EV 86.9 MPH)
Runner from 2nd tags up, SAFE at 3rd, no throw by RF
Batting: RHB Ryung Jae-Wook 0-0: Ball
1-0: Fly out, F8 (Flyball, 8LS, EV 95.0 MPH)
Batting: RHB Walke Mehoff 0-0: Ball
1-0: Ball
Wild Pitch!
Luigino Colombo scores
2-0: Called Strike
2-1: Swinging Strike
2-2: Fly out, F8 (Flyball, 78D, EV 105.6 MPH)
Top of the 6th over - 1 run, 1 hit, 0 errors, 0 left on base; Mancelona 1 - Syracuse 0
BOTTOM OF THE 6TH
Syracuse Storm batting - Pitching for Mancelona Torch : RHP Marty McFly
Batting: RHB Egbert Mijnheer 0-0: Ball
1-0: Fly out, F7 (Flyball, 7, EV 90.6 MPH)
Batting: RHB Bob Hill 0-0: Ball
1-0: Called Strike
1-1: DOUBLE (Line Drive, 89M, EV 90.6 MPH)
Batting: RHB Martín Muńóz 0-0: Ball
1-0: SINGLE (Groundball, 3D, EV 100.6 MPH)
Bob Hill to third
Batting: RHB Pat Kramer 0-0: Called Strike
0-1: Foul Ball, location: 2F
0-2: Strikes out swinging
Batting: RHB John Billings 0-0: Ball
1-0: Ball
2-0: Foul Ball, location: 2F
2-1: Ground out 4-3 (Groundball, 4MS, EV 70.6 MPH)
Bottom of the 6th over - 0 runs, 2 hits, 0 errors, 2 left on base; Mancelona 1 - Syracuse 0
TOP OF THE 7TH
Mancelona Torch batting - Pitching for Syracuse Storm : RHP Ramón Flores
Batting: RHB Thom Scribbner 0-0: Called Strike
0-1: Ball
1-1: Ball
2-1: Swinging Strike
2-2: Ball
3-2: Strikes out looking
Batting: RHB Teok-kyu Pak 0-0: Called Strike
0-1: Foul Ball, location: 2F
0-2: DOUBLE (Flyball, 78D, EV 103.8 MPH)
Batting: RHB Aguostinho Antunes 0-0: Ground out 4-3 (Groundball, 4S, EV 86.2 MPH)
Teok-kyu Pak to third
Batting: RHB Enrique Flores 0-0: Ball
1-0: Ball
2-0: SINGLE (Groundball, 4MD, EV 107.5 MPH)
Teok-kyu Pak scores
Batting: RHB Matsudaira Sugahara 0-0: Ball
1-0: Foul Ball, location: 2F
1-1: Ground out 1-3 (Groundball, 34S, EV 86.2 MPH)
Top of the 7th over - 1 run, 2 hits, 0 errors, 1 left on base; Mancelona 2 - Syracuse 0
BOTTOM OF THE 7TH
Syracuse Storm batting - Pitching for Mancelona Torch : RHP Marty McFly
Pitching: LHP Jian-gun Lin
Batting: LHB Nikolai Volkoff 0-0: Called Strike
0-1: Swinging Strike
0-2: Ball
1-2: Strikes out swinging
Batting: LHB Rick Newell 0-0: Ball
1-0: Ball
2-0: Ball
3-0: Called Strike
3-1: Foul Ball, location: 2F
3-2: Base on Balls
Batting: RHB Rubén Plumey 0-0: Ball
1-0: Foul Ball, location: 2F
1-1: Ball
2-1: Foul Ball, location: 2F
2-2: Fielders Choice at 2nd, 1-6 (Groundball, 34S, EV 83.8 MPH)
Batting: LHB Kent Maxwell 0-0: Foul Ball, location: 2F
0-1: Fly out, F9 (Line Drive, 9D, EV 98.1 MPH)
Bottom of the 7th over - 0 runs, 0 hits, 0 errors, 1 left on base; Mancelona 2 - Syracuse 0
TOP OF THE 8TH
Mancelona Torch batting - Pitching for Syracuse Storm : RHP Ramón Flores
Batting: RHB Luigino Colombo 0-0: Ball
1-0: Ground out 5-3 (Groundball, 5, EV 109.4 MPH)
Batting: LHB Jacques Viceronte 0-0: Foul Ball, location: 2F
0-1: Ball
1-1: Ground out 5-3 (Groundball, 56S, EV 63.1 MPH)
Batting: RHB Ryung Jae-Wook 0-0: Ground out 1-3 (Groundball, 13S, EV 73.1 MPH)
Top of the 8th over - 0 runs, 0 hits, 0 errors, 0 left on base; Mancelona 2 - Syracuse 0
BOTTOM OF THE 8TH
Syracuse Storm batting - Pitching for Mancelona Torch : LHP Jian-gun Lin
Batting: RHB Egbert Mijnheer 0-0: Ball
1-0: Ground out 5-3 (Groundball, 56S, EV 83.8 MPH)
Batting: RHB Bob Hill 0-0: Called Strike
0-1: Called Strike
0-2: Ball
1-2: Ball
2-2: Strikes out swinging
Batting: RHB Martín Muńóz 0-0: Called Strike
0-1: Ball
1-1: Ball
2-1: Fly out, F7 (Line Drive, 7D, EV 98.8 MPH)
Bottom of the 8th over - 0 runs, 0 hits, 0 errors, 0 left on base; Mancelona 2 - Syracuse 0
TOP OF THE 9TH
Mancelona Torch batting - Pitching for Syracuse Storm : RHP Ramón Flores
Batting: RHB Walke Mehoff 0-0: Called Strike
0-1: Ball
1-1: Fly out, F8 (Flyball, 8LM, EV 88.1 MPH)
Batting: RHB Thom Scribbner 0-0: Fly out, F7 (Flyball, 7, EV 93.8 MPH)
Batting: RHB Teok-kyu Pak 0-0: Called Strike
0-1: Called Strike
0-2: Strikes out looking
Top of the 9th over - 0 runs, 0 hits, 0 errors, 0 left on base; Mancelona 2 - Syracuse 0
BOTTOM OF THE 9TH
Syracuse Storm batting - Pitching for Mancelona Torch : LHP Jian-gun Lin
Pitching: RHP Amadi Azagba
Now at 1B: Armond Buonaiuti
Now in LF: Carlos Moreno
Batting: RHB Pat Kramer 0-0: Ball
1-0: Called Strike
1-1: Called Strike
1-2: DOUBLE (Groundball, 5L, EV 101.2 MPH)
Batting: RHB John Billings 0-0: Fly out, F9 (Line Drive, 9D, EV 105.0 MPH)
Runner from 2nd tags up, SAFE at 3rd, no throw by RF
Batting: LHB Nikolai Volkoff 0-0: Ball
1-0: Ball
2-0: Called Strike
2-1: SINGLE (Line Drive, 7LS, EV 94.4 MPH)
Pat Kramer scores
Batting: LHB Rick Newell 0-0: Called Strike
0-1: Foul Ball, location: 2F
0-2: Ground out 5-3 (Groundball, 5S, EV 76.2 MPH)
Nikolai Volkoff to second
Batting: RHB Rubén Plumey 0-0: Ground out 6-3 (Groundball, 56D, EV 88.1 MPH)
Bottom of the 9th over - 1 run, 2 hits, 0 errors, 1 left on base; Mancelona 2 - Syracuse 1
Thursday, January 23rd, 2020 - OOTP Baseball 20.8 Build 74